 Dungeon Crawl Stone Soup version 0.19-a0-1732-g0b18a7b (webtiles) character file.

7 esc the Sneak (level 1, 0/9 HPs)
             Began as a Spriggan Enchanter on Sept 30, 2016.
             Slain by a bat (1 damage)
             ... on level 1 of the Dungeon.
             The game lasted 00:02:22 (163 turns).

esc the Sneak (Spriggan Enchanter)                   Turns: 163, Time: 00:02:22

Health: 0/9        AC:  3    Str:  4    XL:     1   Next: 91%
Magic:  5/5        EV: 18    Int: 16    God:
Gold:   29         SH:  0    Dex: 16    Spells: 1 memorised, 4 levels left

rFire  . . .     SeeInvis +     a - +2 dagger
rCold  . . .     Gourm    .     b - +1 robe
rNeg   . . .     Faith    .     (shield restricted)
rPois  .         Spirit   .     (helmet restricted)
rElec  .         Dismiss  .     (no cloak)
rCorr  .         Reflect  .     (gloves unavailable)
MR     .....     Harm     .     (boots unavailable)
Stlth  +++.......               (no amulet)
                                (no ring)
                                (no ring)

@: very quick
A: unfitting armour, see invisible, herbivore 3, speed 3, slow metabolism 2
a: no special abilities


You were on level 1 of the Dungeon.
You were not hungry.

You visited 1 branch of the dungeon, and saw 1 of its levels.

You collected 29 gold pieces.

Inventory:

Hand Weapons
 a - a +2 dagger (weapon)
Armour
 b - a +1 robe (worn)
Books
 c - a book of Maledictions
Comestibles
 d - a bread ration {@e1}


   Skills:
 + Level 1.5 Short Blades
 + Level 3.0 Dodging
 + Level 4.6 Stealth
 + Level 2.9 Spellcasting
 + Level 3.7 Hexes


You had 4 spell levels left.
You knew the following spells:

 Your Spells              Type           Power        Failure   Level  Hunger
v - Corona                Hex            ##.....      4%          1    #......


Dungeon Overview and Level Annotations

Branches:
Dungeon (1/15)

Altars:


Innate Abilities, Weirdness & Mutations

You are very small and have problems with some larger weapons.
You are too small for most types of armour.
You have supernaturally acute eyesight. (SInv)
You are a herbivore.
You cover ground extremely quickly.
You need consume almost no food.


Message History

No target in view!
No target in view!
No target in view!
No target in view!
No target in view!
No target in view!
No target in view!
No target in view!
No target in view!
No target in view!
No target in view!
No target in view!
No target in view!
No target in view!
g - a scroll labeled COCWIJUYN OFAU
Okay, then.
A hobgoblin comes into view. It is wielding a club.
A ball python comes into view.
The hobgoblin shouts!
You hear a shout!
The ball python hisses angrily.
A hobgoblin comes into view. It is wielding a club.
You closely miss the hobgoblin.
The hobgoblin hits you but does no damage.
You hit the hobgoblin. You barely miss the hobgoblin.
The hobgoblin hits you but does no damage.
The hobgoblin misses you.
A bat comes into view.
You hit the hobgoblin. The hobgoblin closely misses you.
You barely miss the hobgoblin. The hobgoblin misses you. x2
You hit the hobgoblin.
You kill the hobgoblin!
The bat misses you. The hobgoblin completely misses you.
You hit the hobgoblin. The bat hits you but does no damage.
The hobgoblin hits you but does no damage.
The bat misses you.
You barely miss the hobgoblin. The bat hits you but does no damage.
The hobgoblin hits you but does no damage.
The bat misses you.
You barely miss the hobgoblin. The bat closely misses you.
The hobgoblin completely misses you.
You completely miss the hobgoblin. The bat barely misses you.
The bat completely misses you. The hobgoblin hits you with a club!
Ouch! That really hurt!
* * * LOW HITPOINT WARNING * * *
You take 7 damage, and have 2/9 hp.
MASSIVE DAMAGE!!
The bat completely misses you.
The teleport trap disappears.
The hobgoblin disappears!
The bat closely misses you. The bat closely misses you.
As you read the scroll labeled AZXIER VUEJASS, it crumbles to dust.
It is a scroll of enchant weapon.
Your +1 dagger glows red for a moment.
The bat closely misses you. The bat hits you but does no damage.
As you read the scroll labeled COCWIJUYN OFAU, it crumbles to dust.
It is a scroll of amnesia.
Forget which spell ([?*] list [ESC] exit)?
Forget which spell ([?*] list [ESC] exit)?
Okay, then.
The bat hits you.
* * * LOW HITPOINT WARNING * * *
You take 1 damage, and have 1/9 hp.
Unknown command.
As you read the scroll labeled PADGHA LUGONAI, it crumbles to dust.
You feel blessed for a moment.
It was a scroll of remove curse.
The bat closely misses you.
You aren't carrying any potions.
You don't know that spell.
Aim: a hobgoblin, wielding a club (moderately wounded, chance to defeat MR: 67%)
The hobgoblin is outlined in light.
The bat misses you. The bat barely misses you.
You now have 4/5 mp.
You hit the hobgoblin. The bat misses you. The bat closely misses you.
The hobgoblin hits you but does no damage.
You barely miss the hobgoblin. The bat misses you.
The bat completely misses you. The hobgoblin misses you.
You hit the hobgoblin.
You kill the hobgoblin!
The bat misses you. The bat closely misses you.
You see here a club.
The bat misses you. The bat completely misses you. The bat barely misses you.
You hit the bat but do no damage. The bat hits you but does no damage.
The bat misses you. The bat closely misses you.
You barely miss the bat. The bat misses you. The bat barely misses you.
You hit the bat but do no damage. The bat misses you. The bat hits you.
* * * LOW HITPOINT WARNING * * *
The bat misses you.
You take 1 damage, and have 1/9 hp.
You barely miss the bat. The bat completely misses you.
The bat closely misses you.
You closely miss the bat. The bat completely misses you. The bat misses you.
MP restored: 5 The bat hits you but does no damage.
The bat barely misses you. The bat misses you. The bat misses you.
The bat hits you.
You die...

...###..#####.###.##
.................#.#
.... #..#####.###.##
....##........# #.#
.......##########.#
#.##.### #..# #.##.#
####.#### #.##.#
#.......#
#.##.######
#.#.@##.#
%.........#
#.#.b##.#
..###.....#
#.#...#.#
..........#
#.#.#.#.#
#.###.....#
#.#.#S#.# ..# .....#
#.......# ### ######
#####.### # #### #.#
# ..# #.#


You could see a bat and a ball python.

Vanquished Creatures
  2 hobgoblins (D:1)
  3 bats (D:1)
  A kobold (D:1)
  A rat (D:1)
7 creatures vanquished.

Notes
Turn   | Place    | Note
-------+----------+-------------------------------------------
     0 | D:1      | esc the Spriggan Enchanter began the quest for the Orb.
     0 | D:1      | Reached XP level 1. HP: 9/9 MP: 5/5
   135 | D:1      | HP: 2/9 [hobgoblin/club (7)]
   142 | D:1      | HP: 1/9 [bat (1)]
   155 | D:1      | HP: 1/9 [bat (1)]
   163 | D:1      | Slain by a bat

Vault maps used:
D:1:      erik_arrival_blinker_ship

Action                   || total
-------------------------++-------
Melee: Dagger            ||    40
 Cast: Corona            ||     1
  Use: Scroll            ||     3
 Stab: Sleeping          ||     1
Armor: Robe              ||    13
Dodge: Dodged            ||    60

Vault maps used:
D:1:      erik_arrival_blinker_ship

Table legend:
 A = Turns spent in this place as a percentage of turns spent in the entire game.
 B = Non-inter-level travel turns spent in this place as a percentage of non-inter-level travel turns spent in the entire game.
 C = Inter-level travel turns spent in this place as a percentage of turns spent in this place.
 D = Turns resting spent in this place as a percentage of non-inter-level travel turns spent in this place.
 E = Turns spent auto-exploring this place as a percentage of non-inter-level travel turns spent in this place.
 F = Non-inter-level travel turns spent in this place divided by the number of levels of this place that you've seen.
                   A       B       C       D       E      F
               +-------+-------+-------+-------+-------+----------------------
         Total | 100.0 | 100.0 |   0.0 |   0.0 |   6.1 | 132.0
       Dungeon | 100.0 | 100.0 |   0.0 |   0.0 |   6.1 | 132.0
               +-------+-------+-------+-------+-------+----------------------

Table legend:
 A = Kills in this place as a percentage of kills in entire the game.
 B = Kills by you in this place as a percentage of kills by you in the entire game.
 C = Kills by friends in this place as a percentage of kills by friends in the entire game.
 D = Other kills in this place as a percentage of other kills in the entire game.
 E = Experience gained in this place as a percentage of experience gained in the entire game.
 F = Experience gained in this place divided by the number of levels of this place that you have seen.
                   A       B       C       D       E      F
               +-------+-------+-------+-------+-------+----------------------
         Total | 100.0 | 100.0 |  -nan |  -nan | 100.0 |  11.0
       Dungeon | 100.0 | 100.0 |  -nan |  -nan | 100.0 |  11.0
               +-------+-------+-------+-------+-------+----------------------
